 Dungeon Crawl Stone Soup version 0.31-a0-1308-ga3cce3a448 (webtiles) character file.

Game seed: 4547328408175903347

160 wingedge the Sneak (level 4, -9/35 HPs)
             Began as a Demigod Enchanter on Dec 19, 2023.
             Mangled by Crazy Yiuf
             ... wielding a +4 quarterstaff of chaos
              (18 damage)
             ... on level 3 of the Dungeon.
             The game lasted 00:10:18 (2489 turns).

wingedge the Sneak (Demigod Enchanter)              Turns: 2489, Time: 00:10:18

Health: -9/35      AC:  3    Str: 13    XL:     4   Next: 96%
Magic:  20/20      EV: 12    Int: 21    God:
Gold:   163        SH:  5    Dex: 14    Spells: 3/8 levels left

rFire   . . .        a - +7 mace of Laotzimp {heavy, rN+ Str+4}
rCold   . . .        (no shield)
rNeg    + . .        g - +0 robe
rPois   .            q - +0 helmet
rElec   .            (no cloak)
rCorr   .            (no gloves)
SInv    .            (no boots)
Will    .....        d - amulet of reflection
Stlth   ++           n - ring of magical power
HPRegen 0.25/turn    p - ring of wizardry
MPRegen 0.17/turn

%: reflection, wizardry (x1)
@: lethally poisoned (-9 -> -14)
A: high MP 1, forlorn, divine attributes
a: no special abilities


You were on level 3 of the Dungeon.
You visited 1 branch of the dungeon, and saw 3 of its levels.

You collected 163 gold pieces.

Inventory:

Hand Weapons
 a - the +7 mace of Laotzimp (weapon) {heavy, rN+ Str+4}
   (You found it on level 3 of the Dungeon)

   Str+4:     It affects your strength (+4).
   rN+:       It protects you from negative energy.
 b - a +1 dagger
 t - a +0 war axe
Missiles
 k - 5 boomerangs (quivered)
Armour
 g - a +0 robe (worn)
 i - a +0 ring mail
 q - a +0 helmet (worn)
Jewellery
 d - an amulet of reflection (around neck)
 n - a ring of magical power (left hand)
 p - a ring of wizardry (right hand)
Wands
 l - a wand of charming (15)
Scrolls
 e - a scroll of fog {unknown}
 j - a scroll of noise {unknown}
 o - 2 scrolls of teleportation
 r - a scroll of blinking {unknown}
 s - a scroll of torment {unknown}
 u - a scroll of enchant weapon {unknown}
Potions
 c - 2 potions of invisibility
 f - 2 potions of curing
 m - a potion of might {unknown}


   Skills:
 - Level 1.0 Fighting
 - Level 1.0 Short Blades
 - Level 2.0(2.2) Axes
 + Level 1.3(1.9) Maces & Flails
 - Level 2.0 Dodging
 - Level 3.0 Stealth
 + Level 2.8 Spellcasting
 - Level 3.0 Hexes
 - Level 1.0 Ice Magic


You had 3 spell levels left.
You knew the following spells:

 Your Spells              Type           Power      Damage    Failure   Level
a - Ensorcelled Hibernat  Hex/Ice        22%        N/A       3%          2
b - Tukima's Dance        Hex            15%        N/A       4%          3

Your spell library contained the following spells:

 Spells                   Type           Power      Damage    Failure   Level
 Confusing Touch          Hex            15%        N/A       4%          3
 Lesser Beckoning         Tloc           4%         N/A       9%          2
 Passwall                 Tmut/Erth      1%         N/A       9%          2
 Sublimation of Blood     Necr           2%         N/A       9%          2
 Wereblood                Tmut           2%         N/A       9%          2
 Dazzling Flash           Conj/Hex       18%        N/A       9%          3
 Gell's Gravitas          Tloc           2%         N/A       16%         3
 Swiftness                Air            2%         N/A       16%         3
 Teleport Other           Tloc           2%         N/A       16%         3
 Summon Hydra             Summ           1%         N/A       100%        7


Dungeon Overview and Level Annotations

Branches:
Dungeon (3/15)

Shops:
D:3 *

Annotations:
D:3 Crazy Yiuf


Innate Abilities, Weirdness & Mutations

You have an increased reservoir of magic. (+10% MP)
You shall have no god before yourself.
Your divine heritage dramatically boosts your attributes as you level up.


Message History

You now have 163 gold pieces (gained 17).
There is a stone staircase leading up here.
Found a stone staircase leading down.
Found a stone staircase leading down.
Your movement speed is average.
Your attack delay is about 1.9.
Your damage rating with the +7 mace of Laotzimp {heavy, rN+ Str+4} is about 22 (Base [8 + 6 (Hvy)] x 107% (Str) x 104% (Skill) + 7 (Ench)).
Your base attributes are Str 9, Int 21, Dex 14.
Your +0 flail of holy wrath softly glows with a divine radiance!
h - a +0 flail of holy wrath (weapon)
Your movement speed is average.
Your attack delay is about 1.3.
Your damage rating with your +0 flail of holy wrath is about 10 (Base 10 x 97% (Str) x 104% (Skill)).
Your +0 flail of holy wrath stops glowing.
You feel stronger.
a - the +7 mace of Laotzimp (weapon)
{heavy, rN+ Str+4} You drop a +0 flail of holy wrath.
Found a hammer.
Found a runed translucent door.
Crazy Yiuf shouts!
You open the door. You thump Crazy Yiuf!
Crazy Yiuf is heavily wounded.
You block Crazy Yiuf's attack.
Crazy Yiuf hits you with a +4 quarterstaff of chaos!
You are confused.
You feel better. You block Crazy Yiuf's attack.
You hit Crazy Yiuf.
Crazy Yiuf is severely wounded.
Crazy Yiuf hits you with a +4 quarterstaff of chaos!
You are poisoned.
Crazy Yiuf hits you with a +4 quarterstaff of chaos.
You closely miss Crazy Yiuf.
Crazy Yiuf is severely wounded.
You feel very sick. Crazy Yiuf barely misses you.
Crazy Yiuf closely misses you.
You barely miss Crazy Yiuf.
Crazy Yiuf is severely wounded.
You feel very sick. You block Crazy Yiuf's attack.
Crazy Yiuf hits you with a +4 quarterstaff of chaos!!
Ouch! That really hurt!
You die...

#.> #..# #..# ##>.##
..... ##.## ###
♣♣#######...# #)..#♣♣
♣♣..........).
#...g@♣♣♣♣......###...#
#...#♣..♣......## ##.##
### ♣♣♣.♣....######.#
♣♣♣♣♣##.......#
#########


You could see Crazy Yiuf.

Vanquished Creatures
  2 orc priests (D:3)
  Robin (D:3)
  3 adders
  3 dart slugs
  2 orcs (D:3)
  A ball python (D:2)
  2 endoplasms
  3 giant cockroaches
  10 goblins
  9 hobgoblins
  2 quokkas
  6 bats
  3 frilled lizards
  6 kobolds
  2 rats (D:2)
55 creatures vanquished.

Notes
Turn   | Place    | Note
-------+----------+-------------------------------------------
     0 | D:1      | wingedge the Demigod Enchanter began the quest for the Orb.
     0 | D:1      | Reached XP level 1. HP: 14/14 MP: 5/5
   105 | D:1      | Reached skill level 1 in Short Blades
   348 | D:1      | Reached XP level 2. HP: 20/20 MP: 7/7
   351 | D:1      | Learned a level 2 spell: Ensorcelled Hibernation
  1179 | D:2      | Reached skill level 1 in Axes
  1284 | D:2      | Reached XP level 3. HP: 20/26 MP: 8/8
  1314 | D:2      | Learned a level 3 spell: Tukima's Dance
  1359 | D:2      | Reached skill level 1 in Ice Magic
  1477 | D:2      | Reached skill level 1 in Fighting
  1859 | D:3      | Found Wopet's Assorted Antiques.
  1880 | D:3      | Noticed Robin
  1933 | D:3      | Reached XP level 4. HP: 22/35 MP: 9/9
  1933 | D:3      | Killed Robin
  2200 | D:3      | Identified the +7 mace of Laotzimp {heavy, rN+ Str+4}
  2400 | D:3      | Reached skill level 1 in Maces & Flails
  2480 | D:3      | Found a runed translucent door.
  2481 | D:3      | Noticed Crazy Yiuf
  2489 | D:3      | Mangled by Crazy Yiuf

Illustrated notes

Levels and vault maps discovered:
D:1:      dpeg_arrival_simpleton_b, layout_loops_ring
D:2:      layout_loops_ring, serial_bayou, serial_bayou_ford_a,
          serial_bayou_pond_a, serial_bayou_pond_e, serial_bayou_pond_b,
          shapermc_ecumenical_altar_pompeii
D:3:      layout_loops_ring, mainiacjoe_overflow_cross_hatched, serial_shops,
          nicolae_shop_trees, uniq_crazy_yiuf_cottage, uniq_robin

Skill      XL: |  1  2  3  4 |
---------------+-------------+-----
Short Blades   | 1 |  1.0
Dodging        | 2 |  2.0
Spellcasting   | 2 |  2.8
Stealth        | 3 |  3.0
Hexes          | 3 |  3.0
Axes           | 1 2 |  2.0
Ice Magic      | 1 |  1.0
Fighting       | 1 |  1.0
Maces & Flails | 1 |  1.3

Action                     |  1- 3 |  4- 6 || total
---------------------------+-------+-------++-------
  Melee: Dagger            |    25 |       ||    25
         War axe           |   109 |    14 ||   123
         Mace              |       |    11 ||    11
   Cast: Ensorcelled Hiber |     3 |     3 ||     6
         Tukima's Dance    |       |     1 ||     1
    Use: Scroll            |     2 |       ||     2
         Potion            |       |     1 ||     1
   Stab: Sleeping          |     5 |       ||     5
 Armour: Robe              |    82 |    15 ||    97
  Dodge: Dodged            |    94 |    14 ||   108
  Block: Other             |    36 |     6 ||    42
         Reflection        |     3 |       ||     3

Table legend: (Time is in decaauts)
 A = Elapsed time spent in this place.
 B = Non-inter-level travel time spent in this place.
 C = Inter-level travel time spent in this place.
 D = Time resting spent in this place.
 E = Time spent auto-exploring this place.
 F = Levels seen in this place.
 G = Mean time per level.
                   A        B        C        D        E       F      G
               +--------+--------+--------+--------+--------+-----+--------+
         Total |   2566 |   2481 |     85 |    488 |   1129 |   3 |  855.3 |
       Dungeon |   2566 |   2481 |     85 |    488 |   1129 |   3 |  855.3 |
               +--------+--------+--------+--------+--------+-----+--------+

Top non-repeatable levels by time:
     D:2: 1160 daAuts
     D:1: 902 daAuts
     D:3: 503 daAuts
